 Dungeon Crawl Stone Soup version 0.29.1-1-gd02db6906a (webtiles) character file.

Game seed: 10016368017049823537

35 Hadkhar the Vexing (level 3, -2/27 HPs)
             Began as a Human Arcane Marksman on Oct 8, 2022.
             Slain by a gnoll
             ... wielding a +0 flail
              (8 damage)
             ... on level 1 of the Dungeon.
             The game lasted 00:05:38 (1130 turns).

Hadkhar the Vexing (Human Arcane Marksman)          Turns: 1130, Time: 00:05:40

Health: -2/27      AC:  3    Str: 10    XL:     3   Next: 55%
Magic:  4/4        EV: 12    Int: 19    God:
Gold:   27         SH:  0    Dex: 15    Spells: 3/4 levels left

rFire   . . .      SeeInvis .   a - +1 sling
rCold   . . .      Faith    .   (no shield)
rNeg    . . .      Spirit   .   g - +0 leather armour
rPois   .          Reflect  .   (no helmet)
rElec   .          Harm     .   (no cloak)
rCorr   .          Rampage  .   (no gloves)
Will    .....                   (no boots)
Stlth   ++........              (no amulet)
HPRegen 0.09/turn               f - +6 ring of intelligence
MPRegen 0.09/turn               (no ring)

@: no status effects
A: no striking features
a: no special abilities


You were on level 1 of the Dungeon.
You visited 1 branch of the dungeon, and saw 2 of its levels.

You collected 27 gold pieces.

Inventory:

Hand Weapons
 a - a +1 sling (weapon)
 e - a +1 dagger of venom
Missiles
 k - a throwing net
Armour
 c - a +0 robe
 g - a +0 leather armour (worn)
Jewellery
 f - a +6 ring of intelligence (left hand)
Scrolls
 b - a scroll of poison
 d - a scroll of noise {unknown}
 j - a scroll of silence {unknown}
 m - 3 scrolls of identify {unknown}
 n - 2 scrolls of teleportation {unknown}
 p - a scroll of vulnerability {unknown}
Potions
 h - a potion of might {unknown}
 i - 2 potions of berserk rage {unknown}
 l - a potion of haste {unknown}
 o - a potion of mutation {unknown}


   Skills:
 + Level 1.7 Fighting
 + Level 2.4 Ranged Weapons
 + Level 2.4 Dodging
 + Level 1.3 Stealth
 - Level 1.0 Spellcasting
 - Level 3.0 Hexes


You had 3 spell levels left.
You knew the following spells:

 Your Spells              Type           Power      Damage    Failure   Level
a - Slow                  Hex            48%        N/A       8%          1

Your spell library contained the following spells:

 Spells                   Type           Power      Damage    Failure   Level
 Blink                    Tloc           0%         N/A       36%         2
 Inner Flame              Hex/Fire       6%         N/A       38%         3
 Portal Projectile        Hex/Tloc       12%        N/A       38%         3
 Lesser Beckoning         Tloc           0%         N/A       58%         3
 Cause Fear               Hex            6%         N/A       58%         4
 Iskenderun's Mystic Bla  Conj/Tloc      0%         2d3       94%         4
 Alistair's Intoxication  Tmut/Pois      0%         N/A       100%        5
 Summon Forest            Summ/Tloc      0%         N/A       100%        5


Dungeon Overview and Level Annotations

Branches:
Dungeon (2/15)

Altars:


Message History

You shoot a sling bullet.
The sling bullet completely misses the gnoll.
The gnoll shouts!
A bat comes into view.
Found 13 gold pieces.
You shoot a sling bullet. The sling bullet hits the gnoll.
The gnoll is moderately wounded.
You shoot a sling bullet. The sling bullet hits the gnoll.
The gnoll is heavily wounded.
The bat misses you.
An adder comes into view.
The adder hisses angrily.
The bat closely misses you.
There is a stone staircase leading up here.
The bat hits you but does no damage. The bat closely misses you.
The gnoll barely misses you.
You climb upwards.
There is a stone staircase leading down here.
You shoot a sling bullet. The sling bullet hits the gnoll.
The gnoll is severely wounded.
The bat hits you but does no damage. The gnoll hits you with a +0 flail!
You shoot a sling bullet. The sling bullet hits the gnoll.
The gnoll is almost dead.
The bat hits you but does no damage. The bat closely misses you.
The gnoll completely misses you. The bat closely misses you.
The gnoll hits you with a +0 flail.
You shoot a sling bullet.
The sling bullet barely misses the gnoll.
The bat closely misses you. The bat hits you but does no damage.
The gnoll closely misses you. The bat hits you but does no damage.
You shoot a sling bullet.
The sling bullet completely misses the gnoll.
The bat closely misses you. The gnoll barely misses you. The bat hits you.
You shoot a sling bullet.
The sling bullet hits the gnoll but does no damage.
The gnoll is almost dead.
The bat barely misses you. The gnoll hits you with a +0 flail!
* * * LOW HITPOINT WARNING * * *
The gnoll hits you with a +0 flail!
You die...

.....##### #....# #......####
......# ##....# #.........#
......# #.....# #.........#
....#.# #...### #.........^
......##### #...######.......##.
...#......# #.......##.......##.
##.#.####.# ###.b##.#####.....#.
.#.#.####.#####8..8#.#########.##
.#.#.##........g@.........##...#
.#.#.............)........##.####
.....#........#8..8#......##.#...
...#.#........##..##......##.#...
.....#....#######..#########.#...
.#.########### ##.#####...#.#...
...# #...# #.......#....... .###
#.#.# #.#####.#...####
##########.#.# #.# ###.#.#.# #


You could see a gnoll and a bat.

Vanquished Creatures
  An adder (D:2)
  4 bats (D:1)
  A giant cockroach (D:1)
  4 goblins
  3 hobgoblins
  6 kobolds
  A quokka (D:1)
  3 ball pythons (D:1)
  A frilled lizard (D:1)
24 creatures vanquished.

Notes
Turn   | Place    | Note
-------+----------+-------------------------------------------
     0 | D:1      | Hadkhar the Human Arcane Marksman began the quest for the
                  | Orb.
     0 | D:1      | Reached XP level 1. HP: 15/15 MP: 2/2
    85 | D:1      | Reached XP level 2. HP: 11/21 MP: 3/3
   346 | D:1      | Got Sif Muna's Precepts of Filth and Shifting
   424 | D:1      | Reached skill level 1 in Stealth
   653 | D:1      | Reached XP level 3. HP: 26/26 MP: 4/4
   745 | D:1      | Found a faded altar of an unknown god.
  1130 | D:1      | Slain by a gnoll

Illustrated notes

Levels and vault maps discovered:
D:1:      onia_arrival_pyramid, layout_basic, dreamdust_ecumenical_altar_grove,
          st_stairs_6
D:2:      layout_rooms, kennysheep_generic_room_8, uniq_jessica

Skill      XL: |  1  2 |
---------------+-------+-----
Stealth        | 1 |  1.3
Fighting       | |  1.7
Ranged Weapons | |  2.4
Dodging        | |  2.4
Spellcasting   | |  1.0
Hexes          | |  3.0

Action                   || total
-------------------------++-------
 Fire: Sling             ||    84
Armor: Robe              ||     3
       Leather armour    ||    14
Dodge: Dodged            ||    42
